 Dungeon Crawl Stone Soup version 0.21.0-25-ge575cb9 (webtiles) character file.

25 Mgcat the Ruffian (level 2, -3/23 HPs)
             Began as a Draconian Transmuter on Jan 23, 2018.
             Slain by a bullfrog zombie (4 damage)
             ... on level 2 of the Dungeon.
             The game lasted 00:02:28 (1455 turns).

Mgcat the Ruffian (Draconian Transmuter)            Turns: 1455, Time: 00:02:29

Health: -3/23      AC:  4    Str: 12    XL:     2   Next: 86%
Magic:  5/5        EV: 12    Int: 13    God:
Gold:   69         SH:  0    Dex: 11    Spells: 2/5 levels left

rFire    . . .     SeeInvis .   h - +2 dagger (venom)
rCold    . . .     Gourm    .   (no shield)
rNeg     . . .     Faith    .   (armour unavailable)
rPois    .         Spirit   .   (helmet restricted)
rElec    .         Reflect  .   (no cloak)
rCorr    .         Harm     .   (no gloves)
MR       .....                  (no boots)
Stlth    +.........             (no amulet)
HPRegen  0.07/turn              (no ring)
MPRegen  0.09/turn              (no ring)

@: no status effects
A: unfitting armour, cold-blooded, AC +4
a: no special abilities


You were on level 2 of the Dungeon.
You were not hungry.

You visited 1 branch of the dungeon, and saw 2 of its levels.

You collected 69 gold pieces.

Inventory:

Hand Weapons
 h - a +2 dagger of venom (weapon)
Missiles
 a - 51 arrows
Potions
 e - a potion of magic
 f - a potion of degeneration {unknown}
Books
 b - a book of Changes

   Spells                             Type                      Level
   a - Beastly Appendage              Transmutation                1
   b - Sticks to Snakes               Transmutation                2
   c - Spider Form                    Transmutation/Poison         3
   d - Ice Form                       Ice/Transmutation            4
   e - Blade Hands                    Transmutation                5
Comestibles
 c - 2 rations
 d - 3 chunks of flesh


   Skills:
 - Level 1.1 Fighting
 - Level 1.7 Dodging
 + Level 4.1 Unarmed Combat
 - Level 2.0 Spellcasting
 - Level 2.0 Transmutations


You had 2 spell levels left.
You knew the following spells:

 Your Spells              Type           Power        Failure   Level  Hunger
a - Beastly Appendage     Tmut           #.....       11%         1    ##.....
b - Sticks to Snakes      Tmut           #.......     17%         2    ###....


Dungeon Overview and Level Annotations

Branches:
Dungeon (2/15)

Altars:


Innate Abilities, Weirdness & Mutations

Your plain brown scales are hard. (AC +4)
You cannot fit into any form of body armour.
You are cold-blooded and may be slowed by cold attacks.


Message History

You are too injured to fight recklessly!
You hit the bullfrog zombie. You tail-slap the bullfrog zombie.
The bullfrog zombie is moderately damaged.
The bullfrog zombie hits you but does no damage.
The bullfrog zombie hits you.
You hit the bullfrog zombie but do no damage.
The bullfrog zombie is moderately damaged.
The bullfrog zombie hits you.
* * * LOW HITPOINT WARNING * * *
You hit the bullfrog zombie but do no damage.
Your tail-slap misses the bullfrog zombie.
The bullfrog zombie is moderately damaged.
The bullfrog zombie hits you.
* * * LOW HITPOINT WARNING * * *
You completely miss the bullfrog zombie.
The bullfrog zombie is moderately damaged.
The bullfrog zombie barely misses you. x2
Unknown command.
The bullfrog zombie hits you.
You die...

..........<..... ...#
#.....
................
.....#.....
................
.....#.....
..............#
#...#.....
.......)......#
#..>.....
..........##+#
#........
##....##...#.# #
#.##..... ##+#
#.#Z#.##.# ##........
#.#.@..#.# #....#+#'#
#.#.#....# #.<#...#.#
#.####.#####..#...#.#
..# #.......####.#..
### ######### #.##.
#.... #####


You could see a bullfrog zombie.

Vanquished Creatures
  A leopard gecko (D:1)
  5 bats (D:1)
  A giant cockroach (D:1)
  5 goblins (D:1)
  A hobgoblin (D:1)
  A frilled lizard (D:1)
  6 kobolds (D:1)
  4 rats (D:1)
24 creatures vanquished.

Notes
Turn   | Place    | Note
-------+----------+-------------------------------------------
     0 | D:1      | Mgcat the Draconian Transmuter began the quest for the Orb.
     0 | D:1      | Reached XP level 1. HP: 16/16 MP: 3/3
   280 | D:1      | Reached XP level 2. HP: 21/23 MP: 5/5
   828 | D:1      | Reached skill level 4 in Unarmed Combat
  1012 | D:1      | Learned a level 2 spell: Sticks to Snakes
  1450 | D:2      | HP: 1/23 [bullfrog zombie (4)]
  1455 | D:2      | Slain by a bullfrog zombie

Skill      XL: |  1  2 |
---------------+-------+-----
Unarmed Combat | 4 |  4.1
Fighting       | |  1.1
Dodging        | |  1.7
Spellcasting   | |  2.0
Transmutations | |  2.0

Action                   || total
-------------------------++-------
Melee: Unarmed           ||    30
       Tailslap          ||     8
       Short sword       ||    43
       Dagger            ||    21
       Punch             ||     1
  Use: Scroll            ||     6
 Stab: Sleeping          ||     1
  Eat: Chunk             ||     2
Armor: Skin              ||    35
Dodge: Dodged            ||    75
